 Dungeon Crawl Stone Soup version 0.27-a0-96-gb51a1d6fd6 (webtiles) character file.

Game seed: 8005856249998906806

82 knot the Chopper (level 4, 38/52 HPs)
             Began as a Demonspawn Berserker on Jan 19, 2021.
             Was a Believer of Trog.
             Quit the game on level 2 of the Dungeon.
             The game lasted 00:01:12 (1651 turns).

knot the Chopper (Demonspawn Berserker)             Turns: 1651, Time: 00:01:12

Health: 38/52      AC:  5    Str: 17    XL:     4   Next: 21%
Magic:  4/4        EV: 14    Int:  9    God:    Trog [**....]
Gold:   63         SH:  0    Dex: 13    Spells: 3/3 levels left

rFire    . . .     SeeInvis .   a - +0 hand axe
rCold    . . .     Faith    .   (no shield)
rNeg     + . .     Spirit   .   b - +0 animal skin
rPois    .         Reflect  .   (no helmet)
rElec    .         Harm     .   l - +2 cloak
rCorr    .         Rampage  .   (no gloves)
Will     .....                  (no boots)
Stlth    ..........             (no amulet)
HPRegen  1.17/turn              c - ring of positive energy
MPRegen  0.09/turn              (no ring)

@: berserking, very quick
A: repulsion field 1, powered by death 2
a: Renounce Religion, Berserk, Trog's Hand


You were on level 2 of the Dungeon.
You worshipped Trog.
Trog was pleased with you.
You visited 1 branch of the dungeon, and saw 2 of its levels.

You collected 63 gold pieces.

Inventory:

Hand Weapons
 a - a +0 hand axe (weapon)
Missiles
 d - 51 stones
Armour
 b - a +0 animal skin (worn)
 l - a +2 cloak (worn)
Jewellery
 c - a ring of positive energy (left hand)
Scrolls
 f - 2 scrolls of identify {unknown}
 g - a scroll of teleportation {unknown}
 h - 2 scrolls of immolation {unknown}
 j - a scroll of fear {unknown}
Potions
 e - a potion of haste {unknown}
 i - 3 potions of attraction {unknown}
 k - a potion of heal wounds {unknown}


   Skills:
 - Level 3.0 Fighting
 + Level 4.6 Axes
 - Level 1.7 Armour
 - Level 1.7 Dodging


You had 3 spell levels left.
You didn't know any spells.
Your spell library was empty.

Dungeon Overview and Level Annotations

Branches:
Dungeon (2/15)

Altars:
Nemelex Xobeh
Vehumet


Innate Abilities, Weirdness & Mutations

You are surrounded by a mild repulsion field. (EV +2)
You regenerate health from kills.


Message History

You hit the iguana but do no damage. The iguana bites you.
You barely miss the iguana. The iguana closely misses you.
You slash the iguana!
The iguana is heavily wounded.
The iguana bites you but does no damage.
A red film seems to cover your vision as you go berserk!
You feel yourself moving faster!
You feel mighty! The iguana barely misses you.
You closely miss the iguana.
The iguana is heavily wounded.
The iguana bites you!
You barely miss the iguana.
The iguana is heavily wounded.
The iguana bites you but does no damage.
You slash the iguana!
You kill the iguana!
Trog accepts your kill.
You have reached level 4!
You feel agile.
Your demonic ancestry asserts itself...
You begin to radiate repulsive energy.
Are you sure you want to abandon this character and quit the game? (Confirm with "yes".)

#.##.##.#
#.......#
#.#..##.#
#.#.###.#
#.#.###.#
#.......#
###.#####
##.#
#@#.#
#†###.#
#.# #..
## ##. #


There were no monsters in sight!

Vanquished Creatures
  An iguana (D:2)
  An adder (D:2)
  A worm (D:2)
  A dart slug (D:1)
  2 leopard geckos
  5 bats
  A giant cockroach (D:1)
  5 goblins
  5 hobgoblins (D:1)
  7 jackals
  A ball python (D:2)
  3 frilled lizards
  2 kobolds
  5 rats
40 creatures vanquished.

Notes
Turn   | Place    | Note
-------+----------+-------------------------------------------
     0 | D:1      | knot the Demonspawn Berserker began the quest for the Orb.
     0 | D:1      | Reached XP level 1. HP: 18/18 MP: 1/1
   115 | D:1      | Reached skill level 3 in Axes
   125 | D:1      | Gained mutation: You regenerate a little health from kills.
                  | [demonic ancestry]
   125 | D:1      | Reached XP level 2. HP: 24/24 MP: 2/2
   507 | D:1      | Found a sparkling altar of Nemelex Xobeh.
   810 | D:2      | Gained mutation: You regenerate health from kills. [demonic
                  | ancestry]
   810 | D:2      | Reached XP level 3. HP: 29/29 MP: 3/3
   853 | D:2      | Reached skill level 4 in Axes
  1085 | D:2      | Reached ** piety under Trog
  1344 | D:2      | Found a radiant altar of Vehumet.
  1651 | D:2      | Gained mutation: You are surrounded by a mild repulsion
                  | field. (EV +2) [demonic ancestry]
  1651 | D:2      | Reached XP level 4. HP: 35/35 MP: 4/4
  1651 | D:2      | Quit the game

Illustrated notes

Levels and vault maps discovered:
D:1:      psy_arrival_basics, layout_loops_ring, serial_park_tiny_pond,
          nemelex_diamond_rough_becter
D:2:      layout_loops_cross, minmay_hexomino_r4

Skill      XL: |  1  2  3 |
---------------+----------+-----
Axes           | 3 4 |  4.6
Fighting       | |  3.0
Armour         | |  1.7
Dodging        | |  1.7

Action                   |  1- 3 |  4- 6 || total
-------------------------+-------+-------++-------
Melee: Hand axe          |   114 |       ||   114
Invok: Berserk           |     5 |       ||     5
Armor: Animal skin       |    29 |       ||    29
Dodge: Dodged            |    76 |       ||    76

Table legend: (Time is in decaauts)
 A = Elapsed time spent in this place.
 B = Non-inter-level travel time spent in this place.
 C = Inter-level travel time spent in this place.
 D = Time resting spent in this place.
 E = Time spent auto-exploring this place.
 F = Levels seen in this place.
 G = Mean time per level.
                   A        B        C        D        E       F      G
               +--------+--------+--------+--------+--------+-----+--------+
         Total |   1699 |   1654 |     45 |    803 |    613 |   2 |  849.5 |
       Dungeon |   1699 |   1654 |     45 |    803 |    613 |   2 |  849.5 |
               +--------+--------+--------+--------+--------+-----+--------+

Top non-repeatable levels by time:
     D:2: 882 daAuts
     D:1: 816 daAuts
